 Dungeon Crawl Stone Soup version 0.31-a0-431-g88bdf31460 (webtiles) character file.

Game seed: 15578099330228411608

214 MrMonkeyMan the Poker (level 5, 0/45 HPs)
             Began as a Draconian Reaver on July 31, 2023.
             Slain by an orc
             ... wielding a +0 hand axe
              (3 damage)
             ... on level 3 of the Dungeon on Aug 1, 2023.
             The game lasted 00:11:06 (1489 turns).

MrMonkeyMan the Poker (Draconian Reaver)            Turns: 1489, Time: 00:11:06

Health: 0/45       AC:  7    Str: 14    XL:     5   Next: 60%
Magic:  8/8        EV: 12    Int: 16    God:
Gold:   48         SH:  0    Dex:  9    Spells: 7/8 levels left

rFire   . . .        a - +0 spear
rCold   . . .        (no shield)
rNeg    . . .        (body armour unavailable)
rPois   .            (helmet restricted)
rElec   .            (no cloak)
rCorr   .            p - +0 pair of gloves
SInv    .            e - +0 pair of boots
Will    .....        (no amulet)
Stlth   +            (no ring)
HPRegen 0.27/turn    (no ring)
MPRegen 0.11/turn

%: no passive effects
@: no status effects
A: AC +5, unfitting armour, cold-blooded, hooves 1
a: no special abilities


You were on level 3 of the Dungeon.
You visited 1 branch of the dungeon, and saw 3 of its levels.

You collected 48 gold pieces.

Inventory:

Hand Weapons
 a - a +0 spear (weapon)
 j - a +0 dagger of holy wrath
 k - a +0 sling
Armour
 e - a +0 pair of boots (worn)
 p - a +0 pair of gloves (worn)
Talismans
 d - a maw talisman
Scrolls
 b - 2 scrolls of enchant armour {unknown}
 c - 2 scrolls of identify {unknown}
 f - 4 scrolls of brand weapon {unknown}
 h - a scroll of enchant weapon {unknown}
 m - a scroll of noise {unknown}
 o - a scroll of fog {unknown}
Potions
 i - a potion of attraction {unknown}
 l - a potion of brilliance {unknown}
 n - a potion of mutation


   Skills:
 + Level 3.4 Fighting
 + Level 4.4 Polearms
 + Level 2.8 Dodging
 + Level 1.4 Stealth
 + Level 2.0 Spellcasting
 + Level 3.5 Conjurations


You had 7 spell levels left.
You knew the following spells:

 Your Spells              Type           Power      Damage    Failure   Level
a - Kiss of Death         Conj/Necr      28%        2d7       10%         1

Your spell library contained the following spells:

 Spells                   Type           Power      Damage    Failure   Level
 Momentum Strike          Conj/Tloc      14%        3d8       16%         2
 Hailstorm                Conj/Ice       7%         3d4       30%         3


Dungeon Overview and Level Annotations

Branches:
Dungeon (3/15)

Altars:

Shops:
D:1 *


Innate Abilities, Weirdness & Mutations

Your plain brown scales are hard. (AC +5)
You cannot fit into any form of body armour.
You are cold-blooded and may be slowed by cold attacks.
You have large cloven feet.


Message History

The orc is severely wounded.
The orc barely misses you. The endoplasm barely misses you. The orc misses you.
You hit the orc.
You kill the orc!
The endoplasm barely misses you. The orc hits you with a +0 hand axe.
The orc hits you with a +0 war axe!
* * * LOW HITPOINT WARNING * * *
The endoplasm freezes you.
You are frozen.
* * * LOW HITPOINT WARNING * * *
You feel as though you will be slow longer.
You hit the orc.
The orc is heavily wounded.
The orc hits you with a +0 hand axe.
* * * LOW HITPOINT WARNING * * *
The endoplasm closely misses you. The orc closely misses you.
You barely miss the orc. You tail-slap the orc.
The orc is severely wounded.
The orc hits you but does no damage. The endoplasm freezes you.
You are frozen.
* * * LOW HITPOINT WARNING * * *
The orc barely misses you.
Okay, then.
You closely miss the orc. You tail-slap the orc.
You kill the orc!
The orc hits you but does no damage.
The endoplasm hits you but does no damage.
The orc closely misses you. The endoplasm hits you.
* * * LOW HITPOINT WARNING * * *
You hit the orc.
You tail-slap the orc, but do no damage.
The orc is heavily wounded.
The endoplasm barely misses you. The orc hits you with a +0 hand axe.
* * * LOW HITPOINT WARNING * * *
You hit the orc but do no damage.
The orc is heavily wounded.
You feel yourself speed up. The orc hits you with a +0 hand axe.
You die...

## # #########...#
#..........#.
#..o<....#...
#........###J##
.....ooo.......)@#
.......o.?.#####o#
...#####...# #.#
.. .$.# #.# . ..#.
#.# ....# #.# ..#
...


You could see an orc and an endoplasm.

Vanquished Creatures
  A water moccasin (D:2)
  Jessica (D:2)
  An orc wizard (D:2)
  2 adders (D:2)
  A dart slug (D:1)
  2 orcs (D:3)
  3 endoplasms
  A giant cockroach (D:1)
  5 goblins
  2 hobgoblins
  2 quokkas (D:2)
  4 ball pythons
  6 bats
  A frilled lizard (D:1)
  3 kobolds
  2 rats
37 creatures vanquished.

Notes
Turn   | Place    | Note
-------+----------+-------------------------------------------
     0 | D:1      | MrMonkeyMan the Draconian Reaver began the quest for the
                  | Orb.
     0 | D:1      | Reached XP level 1. HP: 17/17 MP: 3/3
   422 | D:1      | Reached XP level 2. HP: 23/25 MP: 5/5
   470 | D:1      | Found Hiahocur's General Store.
   844 | D:2      | Reached XP level 3. HP: 30/30 MP: 6/6
   847 | D:2      | Noticed Jessica
   861 | D:2      | Killed Jessica
   930 | D:2      | Reached skill level 1 in Stealth
   930 | D:2      | Reached XP level 4. HP: 27/38 MP: 7/7
  1314 | D:3      | Noticed a water moccasin
  1323 | D:2      | Gained mutation: You occasionally lose the ability to drink
                  | potions when taking damage. [potion of mutation]
  1323 | D:2      | Gained mutation: You have large cloven feet. [potion of
                  | mutation]
  1323 | D:2      | Lost mutation: You occasionally lose the ability to drink
                  | potions when taking damage. [potion of mutation]
  1334 | D:2      | Killed a water moccasin
  1335 | D:2      | Reached skill level 4 in Polearms
  1335 | D:2      | Reached XP level 5. HP: 19/45 MP: 6/8
  1489 | D:3      | Slain by an orc

Illustrated notes

Levels and vault maps discovered:
D:1:      roderic_octagonal_star, layout_basic, serial_shops, shop_statue,
          columned_hall_lemuel, serial_bayou_lagoon_a
D:2:      layout_rooms, uniq_jessica
D:3:      layout_loops_ring, mainiacjoe_overflow_paths

Skill      XL: |  1  2  3  4 |
---------------+-------------+-----
Fighting       | 3 |  3.4
Dodging        | 2 |  2.8
Stealth        | 1 |  1.4
Polearms       | 4 |  4.4
Spellcasting   | |  2.0
Conjurations   | |  3.5

Action                     |  1- 3 |  4- 6 || total
---------------------------+-------+-------++-------
  Melee: Spear             |   109 |    60 ||   169
         Tailslap          |     8 |     5 ||    13
   Cast: Kiss of Death     |       |     1 ||     1
    Use: Potion            |       |     2 ||     2
   Stab: Sleeping          |     2 |       ||     2
 Armour: Skin              |    36 |    20 ||    56
  Dodge: Dodged            |    57 |    34 ||    91

Table legend: (Time is in decaauts)
 A = Elapsed time spent in this place.
 B = Non-inter-level travel time spent in this place.
 C = Inter-level travel time spent in this place.
 D = Time resting spent in this place.
 E = Time spent auto-exploring this place.
 F = Levels seen in this place.
 G = Mean time per level.
                   A        B        C        D        E       F      G
               +--------+--------+--------+--------+--------+-----+--------+
         Total |   1489 |   1419 |     70 |    230 |    824 |   3 |  496.3 |
       Dungeon |   1489 |   1419 |     70 |    230 |    824 |   3 |  496.3 |
               +--------+--------+--------+--------+--------+-----+--------+

Top non-repeatable levels by time:
     D:1: 734 daAuts
     D:2: 733 daAuts
     D:3: 21 daAuts
